Mourne, chaotic male human Priest ------- |....(| |----.| ------- |`..|.| |.....|- |.|.|.| |.....-. |)|*..|}--------------- ------+-----------------------------}| |.----|}}}}}}|..%.....| +...........|*******|D|[[[[[[[|}}}}}}- |^....|.....}|).......| |...........|*******|DX[[[[[[[|}...... |.---.|...``.|........|- --|...........|-----------------| .....- |...|.|.`....+...%.%..- .-.........\(|.....^..........^-......| |--.|.|...``.|.).))[..|- -|...........|-----------------| .....| |.|.|......%}|....)...| |...........|%%%%%%%|4|)))))))|}.....|..... |.|.|--}}}}}}|........| @ +...........|%%%.%%%|D|)))))))|}}}} |..`|.|}-------------------------------+----------------------------- |.--|.|}|.....-.............%.........%..)....................-.....| |...|.| |.....|-----------------------------------------------|.?(..| |--<|.| ------- ------- |...%.| ------- Mourne the Curate Experience level: 14 Strength: 25 Dexterity: 14 Constitution: 18 Intelligence: 8 Wisdom: 18 Charisma: 9 Health: 41(46) Energy: 205(205) Def: 15 Gold: 1325 Moves: 13186 Dungeon seed: WuX7yiGrNtDfynti Game ID: Mourne_1520766732 Your Inventory: Coins $ - 1325 gold pieces Amulets t - an uncursed amulet of unchanging Weapons a - a blessed rustproof +5 mace (weapon in foreclaw) Armor e - a blessed +2 robe r - an uncursed burnt +0 pair of speed boots (being worn) z - an uncursed +0 dwarvish iron helm (being worn) B - an uncursed +0 pair of gauntlets of power (being worn) E - an uncursed +1 T-shirt Comestibles c - an uncursed clove of garlic d - 3 uncursed sprigs of wolfsbane f - 2 uncursed lembas wafers p - 12 uncursed food rations s - 2 uncursed K-rations w - an uncursed partly eaten food ration Q - an uncursed C-ration W - 2 uncursed slime molds Scrolls j - a blessed scroll of create monster o - a blessed scroll of teleportation A - 7 uncursed scrolls of blank paper D - 2 uncursed scrolls of teleportation K - a blessed scroll of enchant weapon O - an uncursed scroll of remove curse R - an uncursed scroll of confuse monster Potions b - an uncursed potion of sleeping i - a blessed potion of acid v - 3 uncursed potions of healing F - 3 uncursed potions of full healing G - an uncursed potion of restore ability I - an uncursed potion of enlightenment J - an uncursed potion of water Z - 3 uncursed potions of extra healing Rings g - an uncursed +1 ring of gain strength k - an uncursed ring of teleport control x - an uncursed rustproof ring of shock immunity (on right foreclaw) H - an uncursed +4 ring of increase damage P - an uncursed ring of polymorph control (on left foreclaw) Wands l - an uncursed wand of fire (0:5) n - an uncursed wand of sleep (0:7) q - an uncursed wand of magic missile (0:4) C - an uncursed wand of polymorph (0:2) M - an uncursed wand of wishing (0:1) N - an uncursed wand of teleportation (0:3) S - an uncursed wand of digging (0:1) T - an uncursed wand of cancellation (0:7) U - an uncursed wand of polymorph (0:6) Y - an uncursed wand of magic missile (0:4) Tools h - an uncursed oil lamp (lit) (0:576) m - an uncursed +0 unicorn horn u - an uncursed magic whistle L - an uncursed towel V - an uncursed magic marker (0:58) X - the uncursed Master Key of Thievery Gems y - an uncursed luckstone Spells and supernatural/magical abilities: Name Level Category Fail Memory f - fireball 4 attack 100% 88% h - healing 1 healing 40% 94% p - protection 1 clerical 58% 89% u - confuse monster 2 enchantment 64% 98% v - clairvoyance 3 divination 60% 90% A - create familiar 3 clerical 58% 92% D - drain life 2 attack 64% 99% I - identify 2 divination 58% 80% L - levitation 4 escape 100% 92% P - polymorph 7 matter 100% 98% T - turn undead 6 clerical 99% 86% U - detect unseen 3 divination 60% 81% V - teleportitis -- ability ? -- W - pray for help -- divine ? -- X - turn undead -- divine ? -- Your skills at the end: Fighting Skills wands [Basic] Weapon Skills mace [Expert] Spellcasting Skills divination spells [Basic] clerical spells [Skilled] Final Attributes: You were immune to fire. You were immune to cold. You were immune to electricity. You were poison resistant. You were petrification resistant. You were telepathic. You were warned. You were invisible. You could teleport at will. You had teleport control. You could survive without air. You could walk through walls. You had polymorph control. You were polymorphed into a xorn. You were very fast. You were very lucky. You had extra luck. Bad luck did not time out for you. Good luck did not time out for you. You last prayed 770 turns ago. You are dead. Vanquished creatures: Medusa a titan 4 stone golems a baby black dragon a vampire lord 2 captains a lich a vampire 3 ghosts 2 lieutenants a caveman 2 giant mimics a zruty an ogre king a rock troll a doppelganger a large mimic a couatl a stalker a fire elemental an earth elemental a water elemental a hill giant a giant mummy 3 xorns 3 sergeants 4 wargs a winter wolf 3 small mimics a glass piercer 2 xans an ettin mummy a troll a sasquatch a wood golem 4 electric eels a gelatinous cube a pyrolisk a flaming sphere a shocking sphere a dwarf king 2 tengu an ochre jelly a leocrotta an energy vortex a stone giant a human mummy 2 cobras 4 wraiths 2 carnivorous apes an ettin zombie a leather golem a Grey-elf 34 soldiers a chameleon a quivering blob a cockatrice 3 wolves 3 winter wolf cubs 5 leprechauns an orc-captain 2 iron piercers 2 giant spiders a scorpion 2 horses 2 ice vortices 2 black lights 4 vampire bats 3 gnome kings an orc mummy a dwarf mummy 2 rust monsters a Green-elf 8 giant eels 2 lizards an acolyte a dingo 2 white unicorns 3 gray unicorns 4 ravens 2 plains centaurs 3 gnome mummies a snake an ape 13 human zombies a Woodland-elf 12 bugbears 3 wood nymphs a mountain nymph 12 Mordor orcs 10 Uruk-hai 11 orc shamans a rock piercer a rock mole a pony 5 yellow lights 2 shriekers 3 violet fungi 16 gnome lords 10 gnomish wizards 2 elf zombies a ghoul 2 paper golems a jellyfish a baby crocodile 5 giant ants 2 little dogs 3 floating eyes a kitten 15 dwarves a kobold lord 4 kobold shamans 15 hill orcs 9 rothes 2 centipedes 2 giant bats a monkey 5 orc zombies 2 werejackals 3 iguanas 2 acid blobs 5 coyotes 2 gas spores 9 hobbits 21 manes 3 large kobolds 19 hobgoblins 5 cave spiders a yellow mold 2 red molds 51 gnomes 6 garter snakes 4 geckos 12 jackals 2 foxes 2 kobolds 12 goblins 11 grid bugs 7 bats 13 lichens 3 kobold zombies 8 newts 559 creatures vanquished. Voluntary challenges: You had been an atheist until turn 8178. You used a wielded weapon 828 times, starting on turn 11. You read items or engraved 199 times, starting on turn 727. You never genocided any monsters. You never polymorphed an object. You changed form 1 time, starting on turn 12858. You used 1 wish, starting on turn 3012. You wished for your your first artifact on turn 3012. You never split a pudding. You never wrote Elbereth's name. You violated your moral code, losing 72 points of alignment, starting on turn 1956. Dungeon overview: The Dungeons of Doom: levels 1 to 25 Level 1 a fountain a long staircase Level 2 an altar to Amaterasu Omikami Level 3 a fountain, a vault Level 4 a general store, a fountain, a vault stairs to The Gnomish Mines Level 5 a fountain Level 6 many fountains Level 7 stairs to Sokoban Level 8 a fountain Level 9 some fountains, a vault Level 10 Level 11 an armor shop, a fountain, a vault Level 12 a fountain portal to The Quest Level 13 a fountain, a vault Level 14 a fountain, a vault Level 15 some altars to Amaterasu Omikami and Susanowo, a fountain Level 16 a fountain Level 17 Level 18 a fountain Level 19 a fountain Level 20 a weapon shop, some fountains, a vault Level 21 Level 22 Level 23 Level 24 Level 25 <- You were here a fountain, a throne Gehennom: Level 26 stairs to The Dungeons of Doom The Gnomish Mines: levels 5 to 12 Level 5 stairs to The Dungeons of Doom Level 6 Level 7 Level 8 many shops, a temple to Amaterasu Omikami, some fountains Level 9 Level 10 Level 11 Level 12 some altars to Moloch, a fountain The Quest: Level 1 a temple to Moloch portal to The Dungeons of Doom Sokoban: levels 5 to 6 Level 5 Level 6 Solved stairs to The Dungeons of Doom History has recorded: On T:1 you entered the Dungeons of Doom to retrieve the Amulet of Yendor! On T:152 you reached level 2 of The Dungeons of Doom. On T:284 you advanced to experience level 2. On T:341 you reached level 3 of The Dungeons of Doom. On T:698 you reached level 4 of The Dungeons of Doom. On T:749 you advanced to experience level 3. On T:1322 you reached level 5 of The Dungeons of Doom. On T:1568 you reached level 1 of The Gnomish Mines. On T:1611 you advanced to experience level 4. On T:1811 you reached level 2 of The Gnomish Mines. On T:1864 you advanced to experience level 5. On T:2104 you reached level 3 of The Gnomish Mines. On T:2203 you advanced to experience level 6. On T:2526 you reached level 4 of The Gnomish Mines. On T:3012 you wished for "the master key of thievery". On T:3032 you reached level 5 of The Gnomish Mines. On T:3325 you reached level 6 of The Gnomish Mines. On T:3677 you reached level 7 of The Gnomish Mines. On T:3678 you advanced to experience level 7. On T:4445 you reached level 6 of The Dungeons of Doom. On T:5393 you reached level 7 of The Dungeons of Doom. On T:5838 you reached level 8 of The Dungeons of Doom. On T:6078 you reached level 9 of The Dungeons of Doom. On T:6328 you advanced to experience level 8. On T:6593 you reached level 10 of The Dungeons of Doom. On T:6957 you reached level 11 of The Dungeons of Doom. On T:7225 you reached level 12 of The Dungeons of Doom. On T:7436 you reached level 1 of The Quest. On T:7559 you advanced to experience level 9. On T:7613 you reached level 13 of The Dungeons of Doom. On T:7824 you reached level 14 of The Dungeons of Doom. On T:8069 you reached level 15 of The Dungeons of Doom. On T:8194 you received Orcrist from Susanowo. On T:8267 you reached level 16 of The Dungeons of Doom. On T:8453 you advanced to experience level 10. On T:8532 you reached level 17 of The Dungeons of Doom. On T:8811 you reached level 18 of The Dungeons of Doom. On T:8955 you advanced to experience level 11. On T:9022 you reached level 19 of The Dungeons of Doom. On T:9084 you reached level 20 of The Dungeons of Doom. On T:9626 you reached level 8 of The Gnomish Mines. On T:10916 you reached level 4 of Sokoban. On T:11165 you reached level 3 of Sokoban. On T:11568 you reached level 21 of The Dungeons of Doom. On T:11672 you reached level 22 of The Dungeons of Doom. On T:11955 you reached level 23 of The Dungeons of Doom. On T:12122 you advanced to experience level 12. On T:12274 you reached level 24 of The Dungeons of Doom. On T:12354 you advanced to experience level 13. On T:12519 you reached The Castle. On T:12614 you killed Medusa in The Castle. On T:12828 you advanced to experience level 14. On T:13027 you reached The Valley of the Dead. Score breakdown: Gold: 1325 (10621 points) Experience: 14 levels (20086 points) Exploration: 26 levels ( 55.32%) (22116 points) Discoveries: 86 items ( 28.67%) (16062 points) Valuables value: (no points given unless you survive) Artifact value: 3500 (12056 points) Variety of kills: 142 monsters ( 37.37%) (18338 points) Turncount: 13186 turns (-2787 points) Survival: died (score multiplied by 80%) Total score: 77193 Latest messages: You see here an uncursed pair of snow boots. You see here an uncursed leather armor. You see here a cursed apron. You see here a blessed magical plate mail. You see here an uncursed pair of speed boots. You see here an uncursed leather armor. You see here an uncursed banded mail. You see here a blessed cloak of invisibility. You see here an uncursed plumed helmet. You see here an uncursed large shield. The red dragon breathes fire! The blast of fire hits you! You don't feel hot. The blast of fire bounces! The blast of fire hits the red dragon! The red dragon doesn't feel hot. The blast of fire bounces! The blast of fire hits the red dragon! The red dragon doesn't feel hot. The black dragon breathes a disintegration blast! The blast of disintegration hits you! You are disintegrated! Final status: Goodbye Mourne the Priest, killed by a blast of disintegration... You died in The Dungeons of Doom on dungeon level 25 with 77193 points, and 1325 pieces of gold, after 13186 moves. You were level 14 with a maximum of 102 hit points when you died.